AoeStats
← joeyvankoningsbruggen

Nomad

509431481Analyzed
3v3 RM · 6d ago on Sep 26, 2026· 39m 16s· 6 players
Game mode
Random Map
Map size
210×210
Population
200
Speed
Normal
Resources
Standard
Victory
Conquest
Starting age
Dark Age
Ending age
Imperial Age
RankedLock teamsTeams togetherTeam positionsShared explorationLock speedFull tech treeHidden civsTurbo modeCheats
Victory
Defeat
🇦🇷 Byzantines · Argentina
1183
+15
🇦🇷 Cumans · Argentina
1170
+16
🇦🇷 Lithuanians · Argentina
1135
+18
🇲🇹 Romans · Malta
1184
-17
🇲🇽 Varangians · Mexico
1183
-17
🇫🇷 Saracens · France
1130
-15
PidoVAR
4:39 Loom
13:11 Feudal Age
18:41 Castle Age
16:53 Fishing Lines
17:38 Double-Bit Axe
20:06 Bow Saw
19:51 Fletching
20:38 Bodkin Arrow
20:48 Gillnets
27:52 Horse Collar
28:15 Crossbowman
30:00 Wheelbarrow
34:40 Imperial Age
33:52 Hand Cart
33:41 Padded Archer Armor
34:34 Ballistics
34:51 Arbalester
35:37 Thumb Ring
36:48 Conscription
37:57 Chemistry
38:07 Bracer
Patadas al tobillo
6:00 Loom
12:31 Feudal Age
18:59 Castle Age
18:50 Double-Bit Axe
20:51 Scale Barding Armor
21:16 Bow Saw
21:38 Bloodlines
24:27 Pikeman
26:15 Scale Mail Armor
26:09 Fishing Lines
27:33 Town Watch
29:41 Chain Mail Armor
34:03 Imperial Age
32:46 Wheelbarrow
32:49 Forging
34:56 Iron Casting
35:31 Chain Barding Armor
34:34 Cavalier
35:46 Gillnets
36:04 Light Cavalry
38:09 Two-Man Saw
37:27 Husbandry
37:40 Horse Collar
38:26 Conscription
39:30 Chain Barding Armor
La Gorda de Anoche
3:18 Loom
17:29 Feudal Age
17:40 Man-at-Arms
20:26 Town Watch
joeyvankoningsbruggen
14:23 Feudal Age
15:00 Loom
15:17 Double-Bit Axe
15:24 Man-at-Arms
17:54 Forging
19:14 Wheelbarrow
23:05 Castle Age
21:47 Scale Mail Armor
22:14 Gold Mining
27:37 Pikeman
28:57 Squires
31:04 Chain Mail Armor
30:59 Long Swordsman
32:35 Town Watch
34:29 Hand Cart
36:00 Stone Mining
marekh
9:34 Loom
15:26 Feudal Age
17:39 Wheelbarrow
21:15 Castle Age
19:16 Double-Bit Axe
20:00 Horse Collar
22:49 Scale Barding Armor
24:04 Husbandry
26:56 Forging
27:29 Pikeman
33:51 Heavy Plow
jusart.92
16:00 Feudal Age
19:58 Castle Age
31:19 Bloodlines
31:09 Husbandry
32:15 Light Cavalry
34:41 Loom
36:54 Double-Bit Axe
37:06 Gold Mining
37:08 Stone Mining
38:10 Husbandry
38:22 Forging
Connection lost

Rejoining the realm…

Still unreachable

The connection could not be restored.

Session expired

The server has moved on; the page needs a fresh start.